Map: Dusk Towers

Players

Grumm

  • Race: Protoss Protoss
  • League: Gold

Rainman - Winner!

  • Race: Zerg Zerg

VOD

Have the link to the VOD?

Description

Time

  • Played on: Jan. 23, 2016, 12:58 a.m.
  • Length: 2:59
Show
View Real Time Build Order
Export as new Build Order

Grumm Protoss 

Build Orders: Nexus First 

Get SALT Encoding   

  12  0:01  Probe (Chrono Boost)  
  13  0:17  Pylon  
  13  0:18  Probe (Chrono Boost)  
  14  0:51  Nexus  
  14  0:54  Probe (Chrono Boost)  
  15  1:07  Gateway  
  15  1:17  Forge  
  15  1:21  Probe (Chrono Boost)  
  16  1:34  Gateway  
  16  1:39  Pylon  
  16  1:43  Probe (Chrono Boost)  
  17  1:49  Assimilator  
  17  2:03  Zealot (Chrono Boost)  
  17  2:07  Photon Cannon  
  19  2:27  Photon Cannon  
Show
View Real Time Build Order
Export as new Build Order

Rainman Zerg - Winner!

Build Orders: Pool First 

Get SALT Encoding   

  12  0:21  Spawning Pool  
  12  0:22  Drone  
  12  0:27  Drone  
  13  0:31  Drone  
  14  0:40  Overlord  
  14  1:08  Zergling x2  
  14  1:09  Zergling x4  
  17  1:12  Queen  
  19  1:20  Zergling x2  
  20  1:31  Zergling x2  
  21  1:38  Hatchery  
  20  1:42  Zergling x2  
  21  1:53  Zergling x2  
  22  2:29  Drone  
  21  2:30  Drone  
Tags
 
Add a new tag
Caveats
  • Supply blocks, unpowered buildings, or Contaminate may cause inaccurate times.
  • Supply counts are checked every 10 seconds.